Map: Romanticide LE

Players

Solar

  • Race: Zerg Zerg
  • League: Grandmaster
  • Spawn Location: 11:00

Maru - Winner!

  • Race: Terran Terran
  • League: Master
  • Spawn Location: 5:00

Event: ASUS ROG Online 2020

VOD

Have the link to the VOD?

Description

Time

  • Played on: Nov. 28, 2020, 9:22 a.m.
  • Length: 20:58

All games in this series

Show
View Real Time Build Order
Export as new Build Order

Solar Zerg 

Build Orders: Hatch First, Muta Ling Bane 

Get SALT Encoding   

  12  0:00  Drone  
  13  0:12  Overlord  
  13  0:16  Drone  
  14  0:31  Drone x2  
  16  0:47  Hatchery  
  15  0:51  Drone  
  15  0:54  Drone  
  17  0:57  Drone  
  18  1:08  Extractor  
  17  1:13  Spawning Pool  
  17  1:16  Drone  
  17  1:19  Drone  
  18  1:27  Drone  
  19  1:38  Drone  
  20  1:51  Drone  
  21  2:00  Zergling x4, Queen x2  
  27  2:10  Overlord  
  27  2:11  Drone  
  28  2:20  Hatchery  
  27  2:23  Drone  
  27  2:29  Drone  
  29  2:35  Queen  
  31  2:41  Metabolic Boost  
  31  2:42  Drone  
  32  2:47  Overlord  
  32  2:51  Drone x2  
  34  2:53  Drone  
  34  2:56  Drone  
  36  3:05  Drone x2  
  38  3:09  Drone x3  
  41  3:13  Queen  
  41  3:17  Overlord  
  43  3:20  Drone  
  43  3:27  Overlord  
  44  3:33  Queen  
  46  3:34  Drone  
  46  3:36  Drone  
  46  3:39  Drone x2  
  50  3:42  Overlord  
  50  3:43  Drone  
  50  3:44  Zergling x4  
  55  3:48  Drone x3  
  55  3:53  Queen  
  55  3:55  Zergling x2  
  59  3:56  Drone  
  59  4:00  Drone  
  61  4:03  Overlord  
  61  4:04  Drone  
  61  4:09  Queen  
  64  4:12  Spore Crawler, Drone x2  
  65  4:18  Zergling x2  
  65  4:21  Drone  
  65  4:22  Drone x2  
  65  4:24  Extractor, Drone x2  
  71  4:26  Drone x2  
  71  4:30  Spore Crawler  
  70  4:31  Zergling x2  
  70  4:33  Overlord  
  70  4:35  Zergling x2  
  72  4:40  Drone  
  72  4:42  Evolution Chamber  
  72  4:44  Evolution Chamber  
  72  4:45  Zergling x4  
  73  4:49  Overlord  
  73  4:50  Zergling x4  
  73  4:51  Overlord  
  75  4:53  Zergling x4, Drone  
  75  4:55  Overlord  
  75  4:59  Overlord  
  78  5:04  Drone  
  78  5:05  Drone x2  
  80  5:07  Drone x2  
  80  5:08  Drone  
  80  5:10  Zerg Ground Armor Level 1, Zerg Melee Weapons Level 1  
  80  5:13  Drone  
  80  5:20  Lair  
  80  5:21  Drone x2  
  82  5:22  Drone x2  
  82  5:23  Drone  
  82  5:27  Extractor, Drone x2  
  86  5:28  Extractor, Drone  
  86  5:29  Drone  
  86  5:31  Drone  
  86  5:32  Drone  
  89  5:37  Drone  
  89  5:40  Extractor x2, Drone  
  89  5:41  Baneling Nest, Drone  
  89  5:48  Drone  
  88  5:50  Drone  
  88  5:52  Drone x3  
  88  5:55  Zergling x8  
  96  5:59  Hatchery  
  96  6:01  Overlord  
  94  6:07  Zergling x4  
  96  6:12  Zergling x6  
  96  6:14  Zergling x2, Overlord  
  100  6:20  Zergling x2, Spire, Overseer  
  100  6:22  Zergling x8  
  100  6:25  Zergling x6, Centrifical Hooks  
  107  6:30  Zergling x4  
  109  6:36  Overlord  
  109  6:37  Zergling x6  
  110  6:41  Drone  
  110  6:46  Zergling x4  
  107  6:50  Baneling x7  
  107  6:54  Zergling x8  
  107  6:55  Zergling x8  
  107  6:58  Drone  
  107  7:00  Extractor, Pneumatized Carapace  
  115  7:05  Zergling x4  
  115  7:06  Zerg Melee Weapons Level 2, Zerg Ground Armor Level 2  
  114  7:12  Drone  
  114  7:13  Drone  
  114  7:14  Queen  
  114  7:16  Drone x2  
  114  7:18  Drone  
  114  7:21  Baneling x2  
  117  7:24  Overlord  
  117  7:26  Drone x2  
  117  7:27  Zergling x14  
  126  7:33  Drone  
  126  7:36  Mutalisk x2  
  126  7:37  Mutalisk  
  127  7:43  Mutalisk x3  
  139  7:47  Mutalisk, Baneling x5  
  139  7:50  Zerg Flyer Weapons Level 1, Hatchery  
  139  7:51  Overlord  
  140  7:52  Drone x5  
  140  7:57  Overseer  
  145  7:58  Zergling x2, Infestation Pit  
  145  7:59  Zergling x6  
  148  8:08  Overlord  
  148  8:09  Overlord  
  148  8:10  Mutalisk x2  
  151  8:13  Overlord  
  151  8:17  Zergling x4  
  151  8:19  Zergling x6  
  140  8:20  Baneling  
  140  8:21  Baneling x9  
  140  8:26  Drone  
  141  8:29  Mutalisk  
  141  8:30  Drone  
  141  8:31  Drone  
  141  8:32  Zergling x2  
  141  8:33  Zergling x18  
  154  8:40  Overlord  
  154  8:46  Mutalisk x3  
  160  8:51  Drone  
  160  8:54  Hive  
  160  8:55  Drone x2  
  161  8:59  Drone  
  162  9:04  Drone x2  
  162  9:05  Extractor, Drone x2  
  162  9:06  Overseer  
  162  9:08  Mutalisk x3  
  171  9:10  Overlord  
  171  9:13  Zergling x12  
  175  9:21  Baneling x3  
  175  9:22  Zergling x8  
  175  9:24  Spore Crawler  
  178  9:27  Zergling x10  
  178  9:30  Hatchery  
  179  9:31  Zergling x2  
  179  9:32  Zergling x2  
  179  9:34  Mutalisk x2  
  179  9:35  Overlord  
  179  9:37  Zergling x4  
  187  9:40  Baneling x9  
  187  9:41  Baneling x6  
  187  9:44  Zergling x2  
  187  9:45  Zergling x4  
  188  9:46  Overlord, Drone  
  188  9:50  Zergling x8  
  188  9:52  Zergling x8  
  197  9:54  Zergling x8  
  197  9:59  Drone  
  199  10:06  Baneling x5  
  199  10:07  Overseer, Baneling x5  
  199  10:10  Zerg Ground Armor Level 3  
  198  10:19  Zerg Melee Weapons Level 3  
  198  10:24  Zergling x10  
  198  10:31  Zerg Flyer Weapons Level 2  
  197  10:39  Zergling x8  
  199  10:43  Adrenal Glands  
  199  10:48  Ultralisk Cavern  
  198  10:55  Drone  
  199  11:06  Zergling x2  
  199  11:07  Zergling x4  
  198  11:24  Baneling x2  
  198  11:26  Extractor, Drone  
  198  11:27  Drone x2  
  198  11:30  Hatchery  
  195  11:40  Zergling x12  
  193  11:49  Ultralisk  
  181  11:54  Ultralisk  
  181  11:55  Zergling x4, Ultralisk  
  181  11:57  Overlord  
  181  11:58  Overlord  
  181  11:59  Overlord x2  
  181  12:00  Overlord, Chitinous Plating  
  195  12:01  Overlord  
  195  12:05  Zergling x8  
  195  12:09  Overlord  
  195  12:11  Zergling x6  
  193  12:18  Baneling  
  193  12:19  Baneling x7  
  193  12:26  Zergling x2  
  193  12:27  Zergling x14  
  193  12:28  Zergling x2  
  198  12:32  Zergling x4  
  198  12:35  Overseer x3  
  198  12:36  Zergling x2  
  198  12:37  Zergling x2  
  198  12:53  Zergling x2  
  198  12:54  Zergling x8  
  199  13:02  Overlord, Overseer x3  
  199  13:07  Hatchery  
  196  13:18  Anabolic Synthesis  
  196  13:22  Baneling  
  196  13:23  Baneling x11  
  196  13:24  Baneling x4  
  196  13:28  Zergling x8  
  196  13:32  Baneling  
  196  13:33  Baneling x5  
  199  13:39  Zergling x4  
  199  13:43  Zergling x12  
  199  13:48  Baneling x17  
  200  14:02  Zergling x2  
  200  14:05  Zergling x2  
  200  14:06  Mutalisk  
  200  14:09  Zergling x4  
  198  14:11  Zergling x14  
  198  14:12  Zergling x2  
  196  14:18  Zergling x8  
  196  14:19  Zergling x12  
  196  14:23  Zergling x10, Ultralisk x2  
  197  14:26  Zergling x32  
  197  14:27  Zergling x10  
  174  14:32  Zergling x10  
  174  14:36  Baneling x14  
  174  14:37  Zergling x6  
  174  14:38  Mutalisk x3  
  173  14:41  Baneling  
  173  14:42  Baneling x14  
  173  14:43  Ultralisk x2, Overseer x2  
  173  14:45  Zergling x18  
  200  14:51  Zerg Flyer Weapons Level 3, Overseer x2  
  198  14:58  Baneling  
  198  14:59  Zergling x4  
  194  15:11  Zergling x12  
  199  15:15  Zergling x6  
  199  15:18  Zergling x4  
  194  15:25  Mutalisk x5  
  194  15:26  Overlord x2  
  194  15:27  Overlord  
  183  15:28  Overlord  
  183  15:29  Overlord  
  183  15:30  Overlord  
  183  15:32  Zergling x6  
  183  15:33  Zergling x18  
  183  15:34  Zergling x8  
  184  15:37  Overlord  
  184  15:38  Baneling  
  184  15:39  Zergling x4, Baneling x16  
  184  15:41  Overlord  
  184  15:42  Overlord  
  183  15:43  Overlord  
  183  15:45  Overseer  
  183  15:46  Mutalisk x3, Overseer x2  
  186  15:50  Overseer x2  
  186  15:51  Mutalisk x3  
  186  15:56  Mutalisk  
  194  15:57  Zergling x8  
  194  15:59  Baneling x2  
  194  16:00  Zergling x4  
  200  16:05  Baneling x4  
  200  16:06  Baneling  
  200  16:07  Overseer  
  200  16:13  Zergling x2  
  200  16:16  Zergling x14  
  200  16:17  Zergling x2  
  196  16:20  Zergling x6  
  196  16:22  Zergling x2  
  183  16:26  Zergling x6, Ultralisk x2, Hatchery  
  183  16:27  Zergling x2  
  183  16:31  Zergling x22  
  170  16:35  Zergling x2  
  170  16:38  Baneling x4  
  170  16:39  Mutalisk x5  
  169  16:42  Zergling x4  
  169  16:44  Baneling x7  
  169  16:45  Baneling x4  
  169  16:46  Ultralisk  
  177  16:48  Zergling x4, Extractor  
  177  16:50  Zergling x4  
  177  16:51  Baneling x12  
  177  16:52  Zergling x2  
  177  16:53  Zergling x4  
  183  16:59  Zergling x2, Baneling x3  
  183  17:00  Zergling x6  
  187  17:04  Zergling x6  
  187  17:06  Baneling x9  
  190  17:08  Zergling x6  
  190  17:09  Zergling x14  
  190  17:11  Zergling x8  
  191  17:19  Mutalisk x3  
  191  17:22  Zergling x4  
  177  17:23  Zergling x4  
  177  17:27  Baneling x8  
  177  17:28  Zergling x8  
  168  17:35  Zergling x10  
  166  17:37  Baneling  
  166  17:38  Zergling x18, Baneling x8  
  166  17:40  Zergling x2  
  166  17:41  Zergling x8  
  166  17:43  Baneling x4  
  180  17:46  Zergling x4  
  180  17:48  Extractor  
  180  17:49  Zergling x10  
  186  17:52  Baneling x9  
  186  17:53  Zergling x4  
  186  17:57  Zergling x4  
  190  18:05  Zergling x8, Ultralisk  
  198  18:10  Zergling x10  
  199  18:17  Baneling x6  
  199  18:18  Overseer  
  199  18:20  Overseer  
  191  18:27  Mutalisk x3  
  191  18:31  Mutalisk  
  191  18:32  Zergling x18  
  196  18:37  Mutalisk  
  198  18:41  Baneling x6  
  198  18:46  Zergling x2  
  198  18:47  Zergling x2  
  198  18:48  Zergling x2  
  199  18:51  Zergling x12  
  199  18:54  Mutalisk  
  198  18:58  Mutalisk x3  
  198  19:01  Zergling x2  
  198  19:02  Zergling x14  
  187  19:09  Zergling x10  
  191  19:10  Zergling x2  
  191  19:15  Baneling x8  
  192  19:17  Zergling x2  
  176  19:27  Mutalisk x4  
  176  19:30  Zergling x6  
  156  19:33  Zergling x4  
  156  19:35  Zergling x4  
  156  19:37  Zergling x2  
  146  19:47  Overseer  
  146  19:48  Overseer x3  
  146  19:52  Hatchery, Mutalisk  
  147  19:57  Baneling x8  
  147  20:01  Baneling x5  
  147  20:02  Zergling x4  
  149  20:07  Zergling x10  
  149  20:11  Mutalisk  
  151  20:14  Zergling x6  
  151  20:16  Zergling x2  
  151  20:17  Zergling x2  
  151  20:20  Mutalisk  
  157  20:22  Zergling x4  
  159  20:33  Mutalisk  
  159  20:35  Zergling x12  
Show
View Real Time Build Order
Export as new Build Order

Maru Terran - Winner!

Build Orders: Liberator Opening, Reaper Expand 

Get SALT Encoding   

  12  0:00  SCV  
  13  0:12  SCV  
  14  0:16  Supply Depot  
  14  0:24  SCV  
  15  0:38  SCV  
  15  0:39  Barracks  
  16  0:44  Refinery  
  16  0:50  SCV  
  17  1:02  SCV  
  18  1:14  SCV  
  19  1:26  Orbital Command, Reaper  
  20  1:37  Command Center  
  20  1:49  Supply Depot  
  20  1:52  SCV  
  21  1:58  Marine  
  22  2:04  SCV  
  22  2:07  Factory  
  23  2:16  SCV  
  23  2:20  Barracks Reactor  
  24  2:28  SCV  
  25  2:40  SCV  
  25  2:41  Command Center  
  26  2:50  Orbital Command  
  26  2:52  SCV  
  27  3:02  Hellion  
  27  3:04  Starport, Hellion  
  31  3:07  SCV  
  31  3:10  Refinery  
  32  3:13  Marine  
  32  3:16  SCV  
  32  3:19  SCV  
  35  3:26  Hellion  
  37  3:28  Hellion, SCV  
  37  3:32  SCV  
  41  3:40  SCV  
  42  3:43  Liberator  
  42  3:44  SCV  
  46  3:53  Orbital Command, Hellion x2  
  46  3:54  SCV  
  51  3:56  SCV  
  51  3:58  Supply Depot  
  52  4:04  Barracks Tech Lab  
  52  4:06  SCV  
  52  4:08  SCV  
  54  4:14  Hellion x2  
  58  4:18  SCV  
  58  4:19  SCV  
  58  4:20  SCV  
  58  4:23  Marine  
  58  4:24  Stimpack  
  62  4:30  SCV  
  63  4:35  Barracks  
  63  4:38  Barracks  
  63  4:40  SCV x2  
  63  4:43  Engineering Bay  
  63  4:45  Engineering Bay, Starport Reactor, Factory Reactor  
  65  4:48  SCV  
  65  4:51  Refinery  
  65  4:52  SCV, Marine  
  68  4:55  Supply Depot  
  68  4:57  Supply Depot  
  68  5:01  SCV  
  68  5:05  SCV  
  67  5:13  Terran Infantry Armor Level 1, Terran Infantry Weapons Level 1, SCV x2  
  54  5:15  Marine  
  55  5:25  SCV x2  
  55  5:26  Medivac  
  55  5:27  Barracks  
  57  5:29  Barracks, Factory Reactor  
  57  5:30  Marine x3  
  57  5:31  Marine  
  57  5:32  SCV, Marine  
  61  5:37  SCV  
  61  5:39  Medivac  
  61  5:41  SCV  
  65  5:43  Orbital Command  
  65  5:48  Marine x4  
  65  5:49  SCV  
  70  5:50  Marine  
  70  5:53  SCV  
  72  5:58  Supply Depot  
  72  6:01  Medivac, SCV  
  72  6:03  Supply Depot  
  75  6:05  SCV  
  75  6:06  Widow Mine, Refinery, Marine x2  
  75  6:07  Widow Mine  
  75  6:09  SCV  
  83  6:13  SCV  
  83  6:17  SCV  
  83  6:18  Barracks Reactor x2  
  85  6:19  Supply Depot, Marine  
  85  6:20  Combat Shield  
  85  6:21  SCV  
  87  6:25  SCV  
  87  6:30  SCV, Marine x3  
  87  6:31  Widow Mine x2  
  87  6:32  Supply Depot  
  96  6:33  SCV  
  96  6:34  Supply Depot  
  96  6:37  SCV  
  98  6:42  SCV  
  98  6:45  SCV  
  97  6:47  Marine x3  
  97  6:50  SCV  
  97  6:52  Factory  
  101  6:55  Command Center, SCV  
  101  6:57  SCV, Refinery  
  101  6:58  Refinery  
  101  6:59  Medivac, Armory  
  105  7:05  Medivac  
  105  7:07  SCV  
  106  7:08  SCV  
  106  7:12  Marine  
  106  7:13  Marine x5  
  106  7:15  Widow Mine x2, SCV  
  114  7:21  Supply Depot  
  114  7:22  Supply Depot, Marine x2  
  117  7:35  Marine x4  
  117  7:36  Factory Tech Lab, Widow Mine, Marine x2  
  125  7:43  Widow Mine  
  127  7:47  Supply Depot  
  127  7:48  Supply Depot, Marine  
  127  7:49  Marine x2  
  127  7:50  Terran Infantry Armor Level 2, Terran Infantry Weapons Level 2  
  130  7:55  Missile Turret  
  130  7:56  Missile Turret, Drilling Claws  
  130  7:58  Widow Mine  
  132  8:02  Marine x6  
  138  8:06  Supply Depot x2, Marine  
  138  8:07  Marauder  
  138  8:10  Widow Mine  
  138  8:11  Widow Mine  
  145  8:17  Marine  
  132  8:20  SCV x2  
  132  8:24  Widow Mine  
  136  8:28  Missile Turret, SCV  
  136  8:31  Thor  
  136  8:32  Widow Mine  
  136  8:33  Marine  
  136  8:34  Marauder, Marine x5  
  149  8:37  Missile Turret  
  149  8:39  Supply Depot  
  150  8:42  SCV  
  150  8:48  SCV x2  
  150  8:54  SCV  
  151  8:57  Missile Turret  
  151  8:59  Planetary Fortress, Missile Turret  
  151  9:00  SCV  
  156  9:03  Widow Mine x2  
  156  9:06  SCV  
  156  9:07  SCV  
  158  9:14  Thor  
  164  9:17  Missile Turret  
  164  9:22  Marauder  
  166  9:26  Widow Mine, SCV  
  166  9:27  Barracks x2, SCV  
  166  9:28  Barracks  
  170  9:37  Sensor Tower  
  170  9:38  Marine x2  
  168  9:43  Sensor Tower  
  168  9:44  Marauder  
  172  9:46  Terran Vehicle And Ship Armor Level 1  
  170  9:53  SCV  
  170  9:58  Command Center  
  171  10:01  Widow Mine  
  171  10:02  Widow Mine x2  
  171  10:05  Marauder  
  179  10:10  Command Center  
  179  10:12  Command Center  
  179  10:17  Medivac x2  
  183  10:26  Marauder  
  171  10:29  Widow Mine  
  171  10:30  Widow Mine x2  
  171  10:32  Barracks Tech Lab x2  
  171  10:33  Barracks Tech Lab  
  173  10:47  Missile Turret  
  173  10:50  Widow Mine  
  173  10:51  Marauder  
  173  10:52  Ghost Academy, Marauder x2, Widow Mine, Marine x2  
  173  10:54  Medivac  
  173  10:55  Terran Infantry Weapons Level 3, Terran Infantry Armor Level 3  
  187  11:01  Supply Depot  
  187  11:07  Medivac  
  185  11:23  Ghost x4  
  185  11:24  Refinery  
  185  11:25  Orbital Command x2, Refinery  
  193  11:26  Personal Cloaking  
  193  11:29  Command Center  
  193  11:30  Liberator  
  196  11:33  Missile Turret  
  196  11:37  Liberator  
  197  11:40  Concussive Shells  
  195  11:53  Ghost x2  
  178  11:56  SCV x3  
  181  12:05  Marauder x2  
  181  12:06  Widow Mine x2  
  181  12:07  Widow Mine  
  186  12:12  SCV  
  186  12:15  SCV x4  
  189  12:22  Marauder  
  191  12:24  SCV  
  191  12:27  SCV  
  191  12:32  SCV x2  
  191  12:36  Marauder x3  
  196  12:51  Command Center  
  196  12:52  Command Center  
  196  12:53  Ghost  
  196  12:56  Ghost  
  199  13:13  Sensor Tower  
  199  13:15  Orbital Command  
  199  13:26  Command Center  
  199  13:31  Missile Turret  
  194  13:44  Missile Turret  
  194  13:45  Sensor Tower  
  194  13:47  Orbital Command  
  194  13:52  Sensor Tower  
  194  13:53  Widow Mine  
  199  13:56  Missile Turret, Terran Vehicle And Ship Armor Level 2  
  195  14:04  Sensor Tower  
  175  14:11  Ghost x2  
  175  14:12  Ghost  
  175  14:14  Medivac  
  177  14:20  Widow Mine  
  122  14:24  Orbital Command, Marauder, Marine  
  138  14:35  Marine x2  
  138  14:37  Widow Mine  
  138  14:39  Marine  
  138  14:40  Liberator, Marauder, Ghost x2, Marine x2  
  138  14:41  Widow Mine  
  138  14:43  Liberator  
  138  14:44  SCV  
  138  14:45  Ghost  
  156  14:46  SCV  
  156  14:49  SCV x3  
  156  14:50  SCV  
  156  14:51  Orbital Command  
  163  14:56  SCV  
  163  14:58  SCV, Marine x3  
  163  14:59  Widow Mine, Marine x5  
  175  15:00  Ghost  
  175  15:03  Widow Mine  
  170  15:08  Ghost  
  170  15:09  Ghost  
  170  15:13  Ghost  
  174  15:16  Marine  
  174  15:17  SCV x5  
  174  15:20  Widow Mine  
  178  15:24  Widow Mine  
  178  15:25  Liberator  
  178  15:26  Liberator  
  172  15:30  Marauder  
  172  15:31  Planetary Fortress  
  172  15:32  SCV  
  172  15:33  SCV  
  163  15:38  Marauder x2  
  163  15:41  Widow Mine  
  168  15:45  Marauder, Marine  
  168  15:46  Widow Mine, Marine x4  
  177  15:50  Marine x2  
  177  15:51  Marauder  
  177  15:53  Marine  
  182  15:59  Marauder x2  
  182  16:03  Widow Mine  
  188  16:07  Liberator, Marauder, Widow Mine  
  188  16:09  Liberator, Marine x2  
  182  16:21  Marauder  
  182  16:23  Orbital Command  
  182  16:24  Widow Mine  
  170  16:28  Widow Mine  
  170  16:31  Ghost  
  153  16:39  Marine x2  
  156  16:40  Orbital Command, Marauder x2  
  156  16:41  Marine x4  
  156  16:42  Marauder  
  156  16:43  SCV  
  156  16:46  Widow Mine  
  165  16:50  Liberator, Widow Mine  
  165  16:52  Liberator  
  165  16:53  SCV x5  
  177  16:55  SCV  
  177  16:58  Missile Turret  
  177  16:59  Missile Turret  
  177  17:00  Missile Turret  
  177  17:01  Marauder  
  180  17:05  SCV x2  
  180  17:07  Widow Mine  
  184  17:10  Orbital Command  
  182  17:20  Marauder  
  141  17:25  Marauder x3, Marine  
  143  17:33  Liberator, Widow Mine  
  143  17:35  Liberator  
  142  17:41  Marauder, Marine  
  145  17:46  Marauder  
  145  17:47  Marauder x2  
  145  17:50  Marine  
  145  17:51  Marine x2  
  154  18:02  Marauder, Marine  
  154  18:03  Marine x2  
  157  18:08  Marauder x3  
  163  18:16  Liberator  
  163  18:17  Liberator, Missile Turret  
  163  18:18  Missile Turret  
  169  18:20  Marine  
  169  18:21  Marine x3  
  169  18:24  Marauder  
  175  18:29  Marauder x2, Marine x2  
  175  18:30  Marauder  
  183  18:38  Widow Mine x2  
  187  18:45  Marauder  
  187  18:47  Orbital Command  
  187  18:49  Marine  
  187  18:51  Marauder x3  
  181  18:59  Medivac  
  181  19:00  Medivac, Marine  
  181  19:01  Marine  
  169  19:06  Marauder  
  164  19:12  Marauder x2  
  130  19:33  Medivac x2, Orbital Command  
  130  19:35  Marine  
  130  19:36  Marauder  
  130  19:37  Widow Mine x2  
  118  19:43  Marauder x2, Marine x5  
  127  19:47  SCV x2  
  129  19:54  SCV x3  
  132  20:01  SCV x4  
  132  20:04  Orbital Command  
  132  20:06  SCV  
  137  20:11  Widow Mine x2  
  136  20:16  Medivac x2  
  139  20:27  Marine  
  139  20:28  Marauder  
  142  20:33  Widow Mine  
Tags
 
Add a new tag
Caveats
  • Supply blocks, unpowered buildings, or Contaminate may cause inaccurate times.
  • Supply counts are checked every 10 seconds.